 Dungeon Crawl Stone Soup version 0.28.0-43-g3370ac3207 (webtiles) character file.

Game seed: 18205560247539440859

11 uselesstheremin the Skirmisher (level 2, -1/27 HPs)
             Began as a Minotaur Abyssal Knight on Mar 1, 2022.
             Was a Follower of Lugonu.
             Succumbed to an adder's poison
             ... on level 3 of the Dungeon on Mar 2, 2022.
             The game lasted 00:04:17 (330 turns).

uselesstheremin the Skirmisher (MiAK)                Turns: 330, Time: 00:04:18

Health: -1/27      AC:  3    Str: 15 (17) XL:     2   Next: 17%
Magic:  2/2        EV: 11    Int:  5 (7)  God:    Lugonu [*.....]
Gold:   2          SH:  0    Dex:  7 (10) Spells: 1/1 levels left

rFire   . . .      SeeInvis .   a - +1 spear
rCold   . . .      Faith    .   (no shield)
rNeg    . . .      Spirit   .   b - +0 leather armour
rPois   .          Reflect  .   (helmet restricted)
rElec   .          Harm     .   (no cloak)
rCorr   .          Rampage  .   (no gloves)
Will    .....                   (no boots)
Stlth   +.........              (no amulet)
HPRegen 0.09/turn               (no ring)
MPRegen 0.08/turn               (no ring)

@: lethally poisoned (-1 -> -15)
A: horns 2, retaliatory headbutt
a: Renounce Religion, Depart the Abyss


You were on level 3 of the Dungeon.
You worshipped Lugonu.
Lugonu was aware of your devotion.
You visited 1 branch of the dungeon, and saw 3 of its levels.
You visited the Abyss 1 time.

You collected 2 gold pieces.

Inventory:

Hand Weapons
 a - a +1 spear (weapon)
Armour
 b - a +0 leather armour (worn)
Jewellery
 g - a ring of protection from cold
Scrolls
 c - a scroll of magic mapping {unknown}
 d - a scroll of teleportation {unknown}
 e - a scroll of amnesia {unknown}
Potions
 f - 2 potions of curing {unknown}


   Skills:
 + Level 4.1 Fighting
 + Level 2.7 Polearms
 + Level 2.6 Armour
 + Level 1.1 Dodging
 + Level 1.8 Invocations


You had one spell level left.
You didn't know any spells.
Your spell library contained the following spells:

 Spells                   Type           Power      Damage    Failure   Level
 Animate Armour           Summ/Erth      0%         N/A       100%        4
 Blade Hands              Tmut           0%         N/A       100%        5
 Iron Shot                Conj/Erth      0%         9d1       100%        6


Dungeon Overview and Level Annotations

Branches:
Dungeon (3/15)

Altars:


Innate Abilities, Weirdness & Mutations

You have a pair of horns on your head.
You reflexively headbutt those who attack you in melee.


Message History

The adder hisses angrily.
The adder bites you. x2
You are poisoned.
The adder poisons you!
You feel sick. The adder bites you.
You are more poisoned.
The adder poisons you!
You feel sick.
You closely miss the adder.
You feel sick. The adder misses you. The adder bites you.
You are more poisoned.
The adder poisons you!
You miss the adder.
You feel very sick. The adder bites you but does no damage.
You closely miss the adder. Your headbutt misses the adder.
You feel sick. The adder barely misses you.
You hit the adder. Your headbutt misses the adder.
The adder is moderately wounded.
* * * LOW HITPOINT WARNING * * *
You feel sick. The adder barely misses you.
You closely miss the adder. Your headbutt misses the adder.
The adder is moderately wounded.
You feel sick. The adder bites you.
* * * LOW HITPOINT WARNING * * *
You are more poisoned.
The adder poisons you! The adder bites you but does no damage.
You miss the adder.
The adder is moderately wounded.
* * * LOW HITPOINT WARNING * * *
You feel sick. The adder bites you.
* * * LOW HITPOINT WARNING * * *
You are more poisoned.
The adder poisons you!
Welcome back, uselesstheremin the Minotaur Abyssal Knight.
Lugonu says: Spread carnage and corruption!
Press ? for a list of commands and other information.
You closely miss the adder.
The adder is moderately wounded.
You die...

#.# #.# #.# #.. ... #.#
#.# #.# #.# #.# #.#
.#######.## #.#
..<.......####.####
...............S@.#
..######.......##.......
## #.............##.
#########.##### ... ###


You could see an adder.

Vanquished Creatures
  A giant cockroach (D:2)
  A goblin (D:1)
  3 hobgoblins
  A bat (D:2)
  4 frilled lizards
  2 rats
12 creatures vanquished.

Notes
Turn   | Place    | Note
-------+----------+-------------------------------------------
     0 | Abyss:1  | uselesstheremin the Minotaur Abyssal Knight began the quest
                  | for the Orb.
     0 | Abyss:1  | Reached XP level 1. HP: 19/19 MP: 1/1
     6 | D:1      | Escaped the Abyss
    62 | D:1      | Reached * piety under Lugonu
   178 | D:2      | Reached skill level 4 in Fighting
   203 | D:2      | Reached XP level 2. HP: 27/27 MP: 2/2
   330 | D:3      | Succumbed to an adder's poison

Illustrated notes

Levels and vault maps discovered:
D:1:      dpeg_arrival_short_road, layout_loops_cross,
          chequers_ecumenical_altar_lobes
D:2:      layout_loops_ring, basic_altar
D:3:      layout_loops_ring, mainiacjoe_overflow_catwalk,
          nicolae_ashenzari_panopticon, mainiacjoe_overflow_tiny_flanked,
          nicolae_hepliaklqana_hazy_memory, uniq_robin, uniq_jessica

Skill      XL: |  1 |
---------------+----+-----
Fighting       | 4 |  4.1
Polearms       | |  2.7
Armour         | |  2.6
Dodging        | |  1.1
Invocations    | |  1.8

Action                   || total
-------------------------++-------
Melee: Spear             ||    33
       Headbutt          ||     3
Invok: Depart the Abyss  ||     1
  Use: Potion            ||     1
Armor: Leather armour    ||     3
Dodge: Dodged            ||    17
